[Event "*** SCC Grand Prix: Titled Tuesday Blitz"]
[Site "Chess.com"]
[Date "2020.08.11"]
[Round "6"]
[White "Resignify"]
[Black "profofchess"]
[Result "1/2-1/2"]
[WhiteElo "2200"]
[BlackElo "2402"]
[TimeControl "180+1"]
[EndTime "11:08:40 PDT"]
[Termination "Game drawn - insufficient material"]

1. e4 e6 2. d4 d5 3. Nc3 Bb4 4. e5 c5 5. a3 Bxc3+ 6. bxc3 Ne7 7. a4 Qa5 8. Qd2 Nbc6 9. Nf3 b6 10. Ba3 Ba6 11. Bxa6 Qxa6 12. dxc5 O-O 13. cxb6 axb6 14. Bxe7 Nxe7 15. Qd3 Rfc8 16. Kd2 Rc4 17. Rhb1 Nc6 18. Ra3 h6 19. h3 Na5 20. Ke2 Re4+ 21. Kf1 Nc4 22. Ra2 Nxe5 23. Nxe5 Rxe5 24. Qxa6 Rxa6 25. Rb4 h5 26. Rab2 g6 27. Rd4 g5 28. Rbb4 h4 29. Rg4 f6 30. Rgd4 Kf7 31. c4 Ke7 32. cxd5 Rxd5 33. Ke2 Kd6 34. Rd3 Rxd3 35. Kxd3 Kc5 36. Kc3 Ra7 37. Rc4+ Kd5 38. Rd4+ Ke5 39. Rc4 Kd5 40.
Rd4+ Kc6 41. Rc4+ Kd6 42. Rd4+ Ke7 43. Rc4 Rb7 44. Kb4 f5 45. Rc6 g4 46. hxg4 fxg4 47. Rc4 Kf6 48. Rxg4 Rc7 49. Rxh4 Rxc2 50. Rf4+ Ke5 51.
Rf3 Rb2+ 52. Kc4 Ra2 53. Kb5 Rb2+ 54. Ka6 Ke4 55. Re3+ Kd5 56. Rf3 e5 57. Rd3+ Kc4 58. Re3 Kd4 59. Rf3 e4 60. Rf8 Rb1 61. Rf6 Rb2 62.
Rxb6 Rxf2 63. Rb4+ Kd3 64. Rb5 Rxg2 65. Re5 Ra2 66. Re6 e3 67. a5 Ra4 68. Kb6 Rb4+ 69. Kc5 Re4 70. Rxe4 Kxe4 71. a6 e2 72. a7 e1=Q 73.
a8=Q+ Kd3 74. Qd8+ Kc2 75. Qd4 Qc3+ 76. Qxc3+ Kxc3 1/2-1/2

[Event "*** SCC Grand Prix: Titled Tuesday Blitz"]
[Site "Chess.com"]
[Date "2020.08.11"]
[Round "6"]
[White "AustrianFalcon"]
[Black "RusPakhom"]
[Result "1/2-1/2"]
[WhiteElo "2466"]
[BlackElo "2298"]
[TimeControl "180+1"]
[EndTime "11:08:43 PDT"]
[Termination "Game drawn by stalemate"]

1. e4 e5 2. Nf3 Nf6 3. d3 Nc6 4. Nbd2 Bc5 5. Be2 d5 6. O-O O-O 7. c3 h6 8. b4 Bd6 9. Qc2 a6 10.
Bb2 Be6 11. a4 d4 12. b5 dxc3 13. Qxc3 Bb4 14. Qc2 Nd4 15. Nxd4 exd4 16. Nf3 Bc3 17. Bxc3 dxc3 18. Qxc3 Re8 19. Rfe1 Nh5 20. Bf1 Nf4 21.
d4 axb5 22. axb5 Rxa1 23. Rxa1 Bg4 24. Ne5 Be2 25. Qe3 Bxf1 26. Qxf4 f6 27. Rxf1 fxe5 28. dxe5 Qd4 29. h3 Rxe5 30. Rc1 c5 31. bxc6 bxc6 32. Rxc6 Qxe4 33. Rc8+ Kh7 34. Qf7 Qe1+ 35. Kh2 Re7 36.
Qf5+ g6 37. Qf8 Qe5+ 38. f4 Qg7 39. Qd8 Rf7 40. Qd6 Rd7 41. Qb8 Rb7 42. Qd6 Rd7 43. Qc5 Rf7 44. Kg3 Qf6 45. Qc4 h5 46. h4 Qf5 47.
Kh2 Qxf4+ 48. Qxf4 Rxf4 49. g3 Rf7 50. Kh3 Re7 51.
g4 hxg4+ 52. Kxg4 Kg7 53. Rc6 Rf7 54. Kg5 Rf5+ 55. Kg4 Rf7 56. Rc4 Re7 57. Rd4 Rf7 58.
Rd6 Re7 59. Kg5 Re5+ 60. Kf4 Re7 61. Rc6 Rf7+ 62. Kg4 Re7 63. Rc5 Rf7 64. Kg5 Rf5+ 65. Rxf5 gxf5 66. Kxf5 Kh7 67. Kg4 Kg7 68. Kh5 Kh8 69.
Kg5 Kg8 70. Kh6 Kh8 71. Kg6 Kg8 72. h5 Kh8 73. h6 Kg8 74. h7+ Kh8 75. Kh6 1/2-1/2

[Event "*** SCC Grand Prix: Titled Tuesday Blitz"]
[Site "Chess.com"]
[Date "2020.08.11"]
[Round "6"]
[White "sergivila"]
[Black "ENEASZ"]
[Result "1-0"]
[WhiteElo "2450"]
[BlackElo "2572"]
[TimeControl "180+1"]
[EndTime "11:08:46 PDT"]
[Termination "sergivila won by resignation"]

1. e4 d6 2. d4 Nf6 3. Nc3 e5 4. Nge2 Be7 5. g3 O-O 6. Bg2 c6 7. O-O b5 8. a3 a5 9. h3 Ba6 10. Be3 b4 11. axb4 axb4 12. Na4 Bb5 13. b3 Nbd7 14.
Qd2 Re8 15. Rfd1 d5 16. dxe5 Nxe5 17. exd5 Nxd5 18. Bxd5 cxd5 19. Kg2 d4 20. Nxd4 Qd5+ 21. Kh2 Bc6 22. f4 Nf3+ 23. Nxf3 Qxf3 24. Qf2 Qh5 25. Bd4 Bf6 26. g4 Qh4 27. Qxh4 Bxh4 28. Rd2 Be1 29. Rxe1 Rxe1 30. Nb6 Rae8 31. Kg3 R1e2 32. Rd1 Rxc2 33.
Nc4 Rg2+ 34. Kh4 f6 35. Nd6 Rd8 36. Bc5 h6 37. f5 Kh7 38. Rc1 Bd5 39. Bxb4 Bxb3 40.
Rc7 Bd5 41. Nb7 Bxb7 42. Rxb7 Rb2 43. Be7 Rxb7 44. Bxd8 Kg8 45. Ba5 Kf7 46. Bd2 Rb3 47. Bf4 Ke7 48. Bd2 Kd7 49. Bf4 Rd3 50. Bc1 Kc6 51.
Bf4 Kd5 52. Bc7 Ke4 53. Ba5 Rf3 54. Bb4 Kd3 55. Bf8 Ke2 56. Bxg7 Kf2 57. Bxf6 Kg2 58. Kh5 Rxh3+ 59. Kg6 Kf3 60. g5 h5 61. Be5 Kg4 62. f6 h4 63. f7 Rf3 64. Bf6 h3 65. f8=Q h2 66. Qb4+ Kg3 67. Qe1+ Kg2 68. Qe2+ Rf2 69.
Qg4+ Kf1 70. Qd1+ Kg2 71. Qg4+ Kf1 72. Qh3+ Kg1 73. Bd4 h1=Q 74. Qxh1+ Kxh1 75. Bxf2 Kg2 1-0

[Event "*** SCC Grand Prix: Titled Tuesday Blitz"]
[Site "Chess.com"]
[Date "2020.08.11"]
[Round "6"]
[White "parintele_chess"]
[Black "peixe64"]
[Result "1-0"]
[WhiteElo "2120"]
[BlackElo "2303"]
[TimeControl "180+1"]
[EndTime "11:08:47 PDT"]
[Termination "parintele_chess won by checkmate"]

1. e4 e5 2. Nc3 Nf6 3. Nf3 Nc6 4. Nxe5 Nxe5 5. d4 Ng6 6. e5 Ng8 7. f4 d6 8. Bc4 Nh6 9. O-O c6 10. d5 dxe5 11. fxe5 Bc5+ 12. Kh1 Ng4 13. e6 Qh4 14. exf7+ Kf8 15. h3 Qg3 16. Qxg4 Bxg4 17. Ne4 Qh4 18. Nxc5 Bxh3 19. gxh3 Qxh3+ 20. Kg1 Qg3+ 21. Kh1 Nh4 22. Ne6+ Ke7 23. d6+ Kd7 24. Nc5+ Kxd6 25. Ne4+ Ke7 26. Nxg3 h6 27. Nf5+ Nxf5 28. Rxf5 Rad8 29. Bf4 Rd4 30. Re1+ Kd8 31. Be5 Rh4+ 32. Kg2 Rxc4 33. f8=Q+ Rxf8 34. Rxf8+ Ke7 35. Bxg7+ Kd7 36. Rf7+ Kd6 37. Be5+ Kd5 38.
Bc3 Rg4+ 39. Kf3 Rg6 40. Re5+ Kd6 41. Rf4 b5 42. Rd4+ Kc7 43. Re7+ Kb6 44. Rdd7 a5 45.
Bd4+ c5 46. Rb7+ Kc6 47. Rec7+ Kd6 48. Bxc5+ Kd5 49. Re7 Rf6+ 50. Ke3 Rg6 51. Rbc7 Rg3+ 52. Kf4 Rg6 53. Re5+ Kc4 54. Be3+ Kb4 55. c3+ Ka4 56. b3+ Ka3 57. Rxb5 Kb2 58. Rxa5 Rf6+ 59. Ke5 Rf1 60. Bxh6 Rd1 61. c4 Rd8 62. Rd5 Rb8 63. Kd4 Re8 64. c5 Re2 65. Kc4 Re1 66. Kb4 Re4+ 67. Kb5 Rh4 68.
c6 Rxh6 69. Ra7 Rh5 70. Rxh5 Kc3 71. c7 Kb2 72. c8=Q Kb1 73. Qg4 Kb2 74. Qg2+ Kb1 75. Rh1# 1-0

[Event "*** SCC Grand Prix: Titled Tuesday Blitz"]
[Site "Chess.com"]
[Date "2020.08.11"]
[Round "6"]
[White "tsvet2005"]
[Black "GiantThresher"]
[Result "1/2-1/2"]
[WhiteElo "2588"]
[BlackElo "2716"]
[TimeControl "180+1"]
[EndTime "11:08:52 PDT"]
[Termination "Game drawn by agreement"]

1. d4 Nf6 2. c4 g6 3. Nc3 Bg7 4. e4 d6 5. Be2 O-O 6. Be3 e5 7. d5 Na6 8. h4 Nc5 9. Qc2 c6 10. h5 cxd5 11. cxd5 Qa5 12. h6 Bh8 13. f3 Nh5 14. Rxh5 gxh5 15. Qd2 Nb3 16. Bb6 Nxd2 17. Bxa5 Bf6 18. Kxd2 Bg5+ 19. Kd1 f5 20. Bb4 Be7 21.
exf5 Bxf5 22. Ne4 Rac8 23. Bxd6 Kf7 24. Bxe5 Rfd8 25. Nc3 Bf6 26. Bxf6 Kxf6 27. Ke1 Kg5 28. Kf2 Kxh6 29. Rd1 h4 30. Nh3 a6 31. Rd4 Kh5 32.
Nf4+ Kg5 33. Nh3+ Kh5 34. f4+ Kg6 35. Ng5 b5 36. Nf3 h3 37. gxh3 Bxh3 38. Ne5+ Kf6 39. Ne4+ Kf5 40. Ng3+ Kf6 41. Ne4+ Kf5 42. Kg3 Rg8+ 43.
Kxh3 Kxf4 44. Nc6 Ke3 45. Bg4 Rcf8 46. Rd1 Kxe4 47. d6 Rg6 48. d7 Rxc6 49. d8=Q Rxd8 50. Rxd8 Rc2 51. Rd6 a5 52. Ra6 a4 53. Be6 Rxb2 54. Kg3 Kd4 55. Bg8 h5 56. Rd6+ Kc5 57. Rd8 b4 58.
Rc8+ Kb6 59. Rb8+ Ka5 60. Ra8+ Kb5 61. Rb8+ Kc5 62. Rc8+ Kd4 63. Rc4+ Kd3 64. Rc5 b3 65. axb3 a3 66. Ra5 a2 67. b4 Rxb4 68. Rxa2 Rg4+ 69. Kh3 Rxg8 70. Ra5 h4 71. Rh5 Ke4 72. Rxh4+ Kf3 73. Rh7 Rg1 1/2-1/2

[Event "*** SCC Grand Prix: Titled Tuesday Blitz"]
[Site "Chess.com"]
[Date "2020.08.11"]
[Round "6"]
[White "Son_of_Sultan"]
[Black "ChessAurochs"]
[Result "0-1"]
[WhiteElo "2679"]
[BlackElo "2581"]
[TimeControl "180+1"]
[EndTime "11:08:56 PDT"]
[Termination "ChessAurochs won on time"]

1. d4 Nf6 2. Bg5 e6 3. e4 h6 4.
Bxf6 Qxf6 5. c3 d6 6. Bc4 g6 7.
Ne2 Bg7 8. O-O Qd8 9. Bb3 d5 10. e5 c5 11. f4 Qb6 12. Nd2 Bd7 13. dxc5 Qxc5+ 14. Nd4 Nc6 15. Nf3 g5 16. Qd2 g4 17.
Ne1 h5 18. Nc2 O-O-O 19. Ne3 f6 20. exf6 Bxf6 21. Rac1 Kb8 22. Rfd1 Rhe8 23. Kh1 Qb6 24. f5 Nxd4 25. cxd4 Bg5 26. Qf2 Bc6 27. Rc3 e5 28. Nc2 e4 29. h4 gxh3 30. Qg3+ Ka8 31. Qxg5 hxg2+ 32. Qxg2 Rg8 33. Qh3 Qc7 34. Rg1 Rxg1+ 35. Kxg1 h4 36. Qg4 Qf7 37. Kh2 Rg8 38. Qf4 Qg7 39. Qf2 Qf6 40. Rh3 Rh8 41. Ne3 a5 42. Ng2 Qd6+ 43. Qf4 Qf6 44. Rxh4 Rg8 45. Rg4 Rh8+ 46.
Rh4 Rg8 47. Qe5 Rxg2+ 48. Kxg2 Qxh4 49. Bxd5 Qg4+ 50. Kh2 Bxd5 51. Qxd5 Qf4+ 52. Kh3 Qf3+ 53. Kh4 Qf4+ 54. Kh5 e3 55. Qd8+ Ka7 56. Qxa5+ Kb8 57. Qd8+ Ka7 58. Qa5+ Kb8 59. Kg6 e2 60. f6 Qg4+ 61. Kh7 Qh4+ 62. Kg7 e1=Q 63. Qd8+ Ka7 64. Qd5 Qeg3+ 65. Kf7 Qh7+ 66. Ke6 Qhg8+ 67. Ke7 Qxd5 0-1

[Event "*** SCC Grand Prix: Titled Tuesday Blitz"]
[Site "Chess.com"]
[Date "2020.08.11"]
[Round "6"]
[White "ItsCheckM8Mate"]
[Black "szachuspl"]
[Result "1-0"]
[WhiteElo "2327"]
[BlackElo "2511"]
[TimeControl "180+1"]
[EndTime "11:08:58 PDT"]
[Termination "ItsCheckM8Mate won on time"]

1. e4 c5 2. Nf3 e6 3. d4 cxd4 4.
Nxd4 Nf6 5. Nc3 d6 6. g4 h6 7. Rg1 Nc6 8. h4 d5 9. exd5 Nxd5 10. Nxd5 exd5 11. Be3 Qxh4 12. Qf3 Nxd4 13. Bxd4 Qe7+ 14. Be2 Qe4 15. O-O-O a6 16. Rge1 Be6 17. Bb5+ axb5 18. Rxe4 dxe4 19. Qxe4 O-O-O 20. Be5 Rxd1+ 21. Kxd1 Bc5 22.
Kc1 Rg8 23. a3 g6 24. Bf4 Rd8 25. Qe5 Bd6 26. Qc3+ Kb8 27. Bxd6+ Rxd6 28. Qh8+ Kc7 29. Qxh6 Bxg4 30. Qf4 Be6 31. b3 Kc6 32. Kb2 Rd5 33.
c4 bxc4 34. Qxc4+ Rc5 35. Qe4+ Rd5 36. b4 b5 37. Kc3 Kd6 38. Qf4+ Ke7 39. Qc7+ Kf6 40.
Qf4+ Kg7 41. Kb2 g5 42. Qe3 Rf5 43. Qd4+ Kg6 44. a4 bxa4 45. Ka3 Rf4 46. Qd3+ Bf5 47. Qd6+ Be6 48. Qc5 Rc4 49. Qe3 Rf4 50. b5 Bd5 51. Qd3+ Be4 52. Qd2 Rf5 53. b6 Rb5 54. Qd4 f5 55.
Kxa4 Rb1 56. Qd6+ Kh5 57. Qh2+ Kg6 58. Qc7 g4 59. Qd6+ Kg5 60. Ka5 Kh4 61. Qg3+ Kg5 62. Qe3+ Kf6 63. Ka6 Ke5 64. Ka7 Ra1+ 65. Kb8 Rb1 66.
Qc5+ Kf4 67. Qe3+ Ke5 68. Qc5+ Kf6 69. Kc7 Kg5 70. Qe3+ Kh4 71. Kd6 Rb5 72. Ke6 Kh5 73. Kf6 1-0

[Event "*** SCC Grand Prix: Titled Tuesday Blitz"]
[Site "Chess.com"]
[Date "2020.08.11"]
[Round "6"]
[White "IMHansNiemann"]
[Black "johnathan113"]
[Result "0-1"]
[WhiteElo "2908"]
[BlackElo "2713"]
[TimeControl "180+1"]
[EndTime "11:09:00 PDT"]
[Termination "johnathan113 won by checkmate"]

1. d4 Nf6 2. c4 g6 3. Nc3 Bg7 4.
e4 O-O 5. Nf3 d6 6. Be2 Nbd7 7.
Be3 e5 8. d5 Ng4 9. Bg5 f6 10.
Bh4 a5 11. Nd2 Nh6 12. f3 Nf7 13. Bf2 f5 14. a3 Bh6 15. g3 Nc5 16. Rb1 Bd7 17.
b4 axb4 18. axb4 Na4 19. Qc2 Qg5 20. h4 Qe7 21. Nb3 Nxc3 22. Qxc3 Ra2 23. Rb2 Ra3 24. c5 fxe4 25. fxe4 Ba4 26. O-O Bd7 27. Be3 Bxe3+ 28. Qxe3 Kg7 29. Qf2 Nh6 30. Qxf8+ Qxf8 31. Rxf8 Kxf8 32.
Kf2 Ke7 33. cxd6+ cxd6 34. Na5 Ng4+ 35. Bxg4 Bxg4 36. Nxb7 Rf3+ 37. Kg2 Re3 38. b5 Kd7 39. b6 Kc8 40. Nxd6+ Kb8 41. Ra2 Rb3 42. b7 Kc7 43.
Ra8 Rb2+ 44. Kg1 Rb1+ 45. Kf2 Rb2+ 46. Ke1 Bf3 47. Rc8+ Kxd6 48. b8=Q+ Rxb8 49. Rxb8 Bxe4 50. Rd8+ Ke7 51. Rh8 h5 52. Kd2 Bxd5 53. Kc3 Kf6 54. Rf8+ Ke7 55. Rf2 Ke6 56. Kb4 Be4 57. Kc5 Bd3 58.
Rf8 Bc2 59. Re8+ Kf5 60. Kd6 e4 61. Re5+ Kg4 62. Rg5+ Kf3 63. Ke5 e3 64. Kd4 e2 65. Re5 Bd1 66. Kc3 Kxg3 67. Kd2 Kxh4 68. Ke1 g5 69. Kf2 g4 70. Re4 Kg5 71. Re5+ Kh4 72.
Re4 Kh3 73. Re3+ Kh2 74. Rg3 e1=Q+ 75. Kxe1 Kxg3 76. Kxd1 h4 77. Ke2 Kg2 78. Kd3 h3 79. Kd4 h2 80. Ke5 h1=Q 81. Kf6 g3 82. Kg7 Kh2 83. Kg6 g2 84. Kg7 g1=Q+ 85. Kh7 Qg3 86. Kh8 Kg2# 0-1

[Event "*** SCC Grand Prix: Titled Tuesday Blitz"]
[Site "Chess.com"]
[Date "2020.08.11"]
[Round "6"]
[White "IANOV0007"]
[Black "Chessalary"]
[Result "1-0"]
[WhiteElo "2473"]
[BlackElo "2286"]
[TimeControl "180+1"]
[EndTime "11:09:01 PDT"]
[Termination "IANOV0007 won by checkmate"]

1. Nf3 d5 2. g3 c6 3. Bg2 Nf6 4. d3 Bg4 5. Nbd2 Nbd7 6. h3 Bh5 7. O-O e5 8. e4 Bd6 9. Qe1 O-O 10. Nh4 Bg6 11.
Nxg6 hxg6 12. a4 Re8 13. Qe2 Nf8 14. Nb3 Ne6 15. Bd2 dxe4 16. dxe4 Qc7 17. Bc3 Rad8 18. Rfd1 Nd7 19. a5 a6 20. Nd2 Ndc5 21. Nc4 Nd4 22. Bxd4 exd4 23. Rxd4 Bxg3 24. Rxd8 Bh2+ 25. Kh1 Rxd8 26. e5 Bf4 27. b4 Ne6 28. c3 Qe7 29. Rd1 Rxd1+ 30. Qxd1 Qg5 31. Qd6 Qh4 32. Kg1 Ng5 33.
Qd8+ Kh7 34. Kf1 Qh5 35. Qd3 Ne6 36. Qf3 Qxf3 37. Bxf3 f6 38. exf6 gxf6 39. Ke2 Kg7 40. Kd3 f5 41. h4 Kf6 42. Nb6 Ke7 43. c4 Kd8 44. c5 Kc7 45. Nc4 Kd7 46. h5 gxh5 47.
Bxh5 Bg5 48. Bd1 Bf6 49. Bf3 Kc7 50. Bd1 Ng7 51. Nd6 Be5 52. Nc4 Bf6 53. f4 Be7 54. Ne3 Bf6 55. Bc2 Kd7 56. Kc4 Kc7 57. Bxf5 Nxf5 58. Nxf5 Kd7 59. Nd6 Kc7 60. f5 Be5 61. Ne4 Kd7 62. Ng5 Bf4 63. Ne6 Ke7 64. Nxf4 Kf6 65.
Ne6 Kxf5 66. Nd8 Ke5 67. Nxb7 Kf6 68. Nd8 Ke7 69. Nxc6+ Kd7 70. b5 Kc7 71. Kb4 Kb7 72. Nd4 Ka7 73. b6+ Kb8 74. c6 Ka8 75. Nb5 Kb8 76. c7+ Kb7 77. Nd6+ Kc6 78. c8=Q+ Kd5 79.
Qxa6 Ke5 80. Qd3 Ke6 81. Kc5 Kd7 82. Nc4+ Ke6 83. Qe4+ Kd7 84. Qg6 Kc8 85. Qf7 Kb8 86. Kc6 Ka8 87. Qb7# 1-0

[Event "*** SCC Grand Prix: Titled Tuesday Blitz"]
[Site "Chess.com"]
[Date "2020.08.11"]
[Round "6"]
[White "mjray79"]
[Black "Spriteball"]
[Result "0-1"]
[WhiteElo "2350"]
[BlackElo "2117"]
[TimeControl "180+1"]
[EndTime "11:09:01 PDT"]
[Termination "Spriteball won on time"]

1. d4 d5 2. c4 c6 3. Nf3 Nf6 4. Nc3 e6 5. e3 Nbd7 6. b3 Bd6 7.
Bb2 O-O 8. Bd3 e5 9. cxd5 cxd5 10. dxe5 Nxe5 11. Be2 Be6 12. O-O Nxf3+ 13. Bxf3 a6 14. Kh1 Be5 15. Rc1 Rc8 16. Qd2 Rc7 17. Rfd1 Rd7 18.
Ne2 Bxb2 19. Qxb2 Bg4 20. Nd4 Bxf3 21. Nxf3 Ne4 22. Kg1 Re8 23. h3 Re6 24. Qd4 h6 25. Ne5 Rdd6 26. Nf3 Rg6 27. Kf1 Rge6 28. b4 Qd7 29.
Kg1 Re8 30. Nd2 Nxd2 31. Qxd2 d4 32. exd4 Rd8 33. Rc4 b5 34. Rc5 Rxd4 35. Qxd4 Qxd4 36. Rxd4 Rxd4 37. a3 Rd3 38. Rc8+ Kh7 39. Rc7 f6 40. Kf1 Rxa3 41. Ra7 Ra2 42. g3 Kg6 43. Kg2 Ra3 44.
h4 f5 45. Rb7 Kf6 46. f4 Ra4 47. Kf3 Rxb4 48. Rb6+ Kf7 49. Rxa6 Rb3+ 50. Kg2 b4 51. Ra7+ Kg6 52. Ra6+ Kh7 53. Ra5 Rb2+ 54. Kh3 b3 55. Rxf5 Rc2 56. Rb5 b2 57. h5 Kg8 58. Rb7 Kf8 59.
Kg4 Kg8 60. Kf5 Rc5+ 61. Kg4 Rc2 62. Kf5 Rc5+ 63. Ke4 Rxh5 64. Rxb2 Rh3 65. Kf3 Rh1 66.
Kg4 Re1 67. Rb7 Kh7 68. Kf5 Rc1 69. Rb5 Rc4 70. g4 Rc6 71. Ke4 Rf6 72. f5 Rf7 73. Kf4 Re7 74. Rb6 Ra7 75. Rc6 Ra4+ 76. Kg3 Ra5 77. Rd6 Ra3+ 78. Kh4 Ra4 79. Kg3 Ra3+ 80. Kh4 Ra4 81. Rd7 Ra5 82. f6 Rg5 0-1

[Event "*** SCC Grand Prix: Titled Tuesday Blitz"]
[Site "Chess.com"]
[Date "2020.08.11"]
[Round "6"]
[White "talaicito"]
[Black "Savva09022009"]
[Result "0-1"]
[WhiteElo "2094"]
[BlackElo "2329"]
[TimeControl "180+1"]
[EndTime "11:09:04 PDT"]
[Termination "Savva09022009 won on time"]

1. d4 Nf6 2. Bf4 d5 3. Nc3 e6 4. e3 a6 5. Nf3 c5 6. a3 Nc6 7. Ne5 cxd4 8. exd4 Bd6 9. Nxc6 bxc6 10. Bxd6 Qxd6 11.
Na4 O-O 12. Be2 e5 13. c3 e4 14. O-O Bf5 15. Nc5 Qf4 16. Qc1 Qh4 17. Qe3 a5 18. a4 Bg4 19. f3 exf3 20. Bxf3 Rae8 21. Qf2 Qh5 22. Rae1 Bxf3 23. Qxf3 Qg5 24. h3 Qd2 25. Qf2 Qg5 26. Nd7 Rxe1 27. Nxf6+ Qxf6 28. Qxf6 gxf6 29. Rxe1 Rb8 30. Re2 Kf8 31. Kf2 Kg7 32. Kf3 Kg6 33.
Kf4 h5 34. g4 hxg4 35. hxg4 Rh8 36. Re7 Rh2 37. Ra7 Rxb2 38. Rxa5 Rf2+ 39. Kg3 Ra2 40. Rc5 Rxa4 41. Rxc6 Ra3 42. Rc5 Rb3 43. Kf4 Ra3 44.
Rxd5 Rxc3 45. Rd8 Rc1 46. Rg8+ Kh7 47. Rf8 Kg7 48. Rd8 Rf1+ 49. Ke4 Kg6 50. d5 Kg5 51.
Rg8+ Kh4 52. d6 Rd1 53. Kf5 Rxd6 54. Rh8+ Kg3 55. Rf8 Rd5+ 56. Kxf6 Kxg4 57. Rxf7 Ra5 58. Rg7+ Kf4 59. Rf7 Ra6+ 60. Kg7+ Kg5 61. Kf8 Kg6 62.
Rg7+ Kf6 63. Rf7+ Ke6 64. Re7+ Kd6 65. Rh7 Ra8+ 66. Kg7 Ke5 67. Kg6 Ra6+ 68. Kg5 Ra1 69. Re7+ Kd6 70. Re2 Rg1+ 71. Kf4 Kd5 72. Rd2+ Kc4 73.
Rc2+ Kd3 74. Rf2 Kc3 75. Re2 Kd3 76. Re3+ Kd4 77. Re4+ Kd3 78. Re3+ Kd2 79. Re6 Kd3 80. Ke5 Rg5+ 81. Kd6 Kd4 82. Rf6 Rd5+ 0-1

[Event "*** SCC Grand Prix: Titled Tuesday Blitz"]
[Site "Chess.com"]
[Date "2020.08.11"]
[Round "6"]
[White "Legendinunknown"]
[Black "1f3_2g41-0"]
[Result "1-0"]
[WhiteElo "2588"]
[BlackElo "2426"]
[TimeControl "180+1"]
[EndTime "11:09:07 PDT"]
[Termination "Legendinunknown won by resignation"]

1. d4 Nf6 2. c4 g6 3. Nc3 d5 4. cxd5 Nxd5 5. e4 Nxc3 6. bxc3 Bg7 7. Bc4 c5 8. Ne2 O-O 9. Be3 Nc6 10. h4 Na5 11. Bd3 e5 12. d5 b6 13. h5 f5 14.
hxg6 hxg6 15. f3 f4 16. Bf2 c4 17. Bc2 Nb7 18. Qd2 Nd6 19. a4 Bd7 20. Bh4 Bf6 21.
Bxf6 Qxf6 22. Kf2 Qg5 23. Rh2 Kg7 24. Rah1 Rh8 25. Qc1 Rxh2 26. Rxh2 Rh8 27. Rxh8 Kxh8 28. Qa3 Qh4+ 29. Kf1 Qf6 30. a5 Nb5 31. Qb4 bxa5 32.
Qxc4 Qb6 33. d6 Nxd6 34. Qd5 Kh7 35. Qxe5 Nc4 36. Qe7+ Kh6 37. Qh4+ Kg7 38. Qe7+ Kh6 39. Qxd7 Ne3+ 40. Kg1 Nxc2+ 41. Kh2 Qf6 42. Qh3+ Kg7 43. Qd7+ Kh6 44. Qg4 g5 45. g3 Ne3 46.
Qh3+ Kg6 47. gxf4 gxf4 48. Nd4 a4 49. Nb5 Qa6 50. Qd7 Qf6 51. Qe8+ Kg7 52. Qh5 Nf1+ 53. Kg1 Ng3 54. Qg4+ Kh8 55. Kg2 a6 56. Na3 Qd6 57.
Nc4 Qh6 58. Qh3 Qxh3+ 59. Kxh3 Kg7 60. Kg4 Ne2 61. Na3 Kf6 62. c4 Ke5 63. c5 Nd4 64. Nc4+ Ke6 65. Kxf4 Nb3 66. c6 Nd4 67. c7 Kd7 68. Ke3 Nc6 69. f4 Kxc7 70. f5 Kd7 71. Kf4 Nd4 72. e5 Ke7 73. Ke4 Nc2 74. Kd3 Nb4+ 75.
Kd4 Nc2+ 76. Kc3 Ne3 77. Nxe3 a3 78. Kb3 a2 79. Kxa2 Kf7 80. Ka3 Ke7 81. Ka4 Kd7 82. Ka5 Ke7 83. Kxa6 Kf7 84. Kb6 Ke7 85. Kc6 Kf7 86. Kd6 1-0

[Event "*** SCC Grand Prix: Titled Tuesday Blitz"]
[Site "Chess.com"]
[Date "2020.08.11"]
[Round "6"]
[White "Lion-Al-Messi"]
[Black "BeanScreen"]
[Result "0-1"]
[WhiteElo "2496"]
[BlackElo "2708"]
[TimeControl "180+1"]
[EndTime "11:09:14 PDT"]
[Termination "BeanScreen won by resignation"]

1. e4 e5 2. Nf3 Nc6 3. Bb5 a6 4. Ba4 d6 5. O-O Nf6 6. Qe2 Be7 7. c3 O-O 8. d4 b5 9. Bb3 Bg4 10. Be3 Re8 11. Nbd2 Bf8 12. h3 Bh5 13. d5 Ne7 14.
Rfe1 c6 15. dxc6 Nxc6 16. Nf1 d5 17. exd5 e4 18. dxc6 exf3 19. gxf3 Qc8 20. Kg2 Ne4 21. Ng3 Ng5 22. Bxg5 Rxe2 23. Rxe2 Qxc6 24. Re4 Bg6 25. Rd4 Qb6 26. Rad1 h6 27. Be3 Bc5 28. Rd6 Qxd6 29. Rxd6 Bxd6 30. Ne4 Be7 31. Bd4 a5 32. Bd5 Rd8 33. Bc6 b4 34. Bb6 Rc8 35. Bd5 Bxe4 36. fxe4 bxc3 37. bxc3 Bf6 38. Bxa5 Bxc3 39. Bb6 Rb8 40.
Be3 Rb4 41. Kf3 Bd4 42. Bf4 Rb2 43. Bg3 g5 44. h4 Kg7 45. hxg5 hxg5 46. a4 Rb4 47. Bc6 Kf6 48. Bb5 Rb3+ 49. Ke2 Be5 50. Bxe5+ Kxe5 51. Bc4 Ra3 52. Bxf7 Rxa4 53. Bg6 Kf4 54. Bh5 Rxe4+ 55. Kf1 Rb4 56. Bf7 Rb2 57. Bd5 g4 58. Bc6 Rc2 59. Bb7 Rc5 60. Ba8 Rb5 61.
Bc6 Rb6 62. Ba8 Rb1+ 63. Kg2 Rb2 64. Kf1 g3 65. fxg3+ Kxg3 66. Ke1 Kf4 67. Kd1 Ke3 68. Kc1 Ra2 69. Bd5 Rd2 70. Bc4 Rh2 71. Kb1 Kd4 72.
Bb3 Kc3 73. Bf7 Rf2 74. Be6 Rf1+ 75. Ka2 Rf2+ 76. Ka1 Rf1+ 77. Ka2 Rf6 78. Bd5 Rd6 79. Be4 Rd2+ 80. Ka1 Kb3 81. Bf3 Rf2 82. Bd5+ Ka3 83. Kb1 Kb4 84. Be4 Kc3 85. Bg6 Kb3 86. Kc1 Rg2 87. Bf7+ Kc3 88. Kb1 Rf2 89. Be6 Rf6 90. Bd5 Rd6 91. Ka1 Rxd5 0-1

[Event "*** SCC Grand Prix: Titled Tuesday Blitz"]
[Site "Chess.com"]
[Date "2020.08.11"]
[Round "6"]
[White "Koksik_13"]
[Black "KuzubovYuriy"]
[Result "0-1"]
[WhiteElo "2612"]
[BlackElo "2830"]
[TimeControl "180+1"]
[EndTime "11:09:15 PDT"]
[Termination "KuzubovYuriy won by checkmate"]

1. d4 Nf6 2. Nc3 d5 3. Bf4 a6 4. e3 e6 5. Nf3 c5 6. Bd3 Nc6 7. O-O Bd6 8. dxc5 Bxc5 9. Qe2 Nh5 10. Bg5 Be7 11. Bxe7 Qxe7 12. e4 Nf4 13. Qe3 Nxd3 14.
cxd3 dxe4 15. dxe4 O-O 16. e5 Rd8 17. Rfd1 Bd7 18.
Ne4 Nb4 19. Qa3 Bc6 20. Re1 Bxe4 21. Rxe4 Nc6 22. Qe3 Rd5 23. h4 Rad8 24. h5 h6 25. Re1 Qc5 26. Qf4 Rd1 27. Qg3 Rxe1+ 28. Rxe1 Rd3 29. Qf4 Nd4 30. Nxd4 Rxd4 31. Qe3 Qd5 32. Kh2 Rh4+ 33. Kg1 Rd4 34. Kh2 Rg4 35. f3 Rh4+ 36.
Kg1 Rc4 37. Kh2 Rc2 38. b3 Rxa2 39. Rc1 Ra5 40. Rc8+ Kh7 41. Rc7 Qxe5+ 42. Qxe5 Rxe5 43. Rxb7 Rxh5+ 44. Kg3 Kg6 45. Kf4 Rb5 46. Ra7 Rb4+ 47.
Kg3 Rxb3 48. Rxa6 Rb5 49. Ra4 h5 50. Kf2 Rg5 51. Ra7 Rd5 52. Ra4 Kf6 53. Kg3 g5 54.
Ra8 Rd2 55. Rh8 h4+ 56. Kh3 Kg7 57. Rb8 Rd1 58. Kh2 Kg6 59. Rb5 f6 60. Rb8 Kf5 61. Rb5+ e5 62. Rb4 Rd4 63. Rb8 e4 64. fxe4+ Rxe4 65. Rb1 Re2 66. Rf1+ Kg6 67. Kh3 f5 68. Rb1 Re3+ 69. Kh2 Kh5 70. Rb8 Kg4 71. Rb4+ f4 72.
Rb2 h3 73. gxh3+ Rxh3+ 74. Kg1 Rc3 75. Ra2 f3 76. Ra8 Kg3 77. Rc8 Rxc8 78. Kh1 Rc1# 0-1

[Event "*** SCC Grand Prix: Titled Tuesday Blitz"]
[Site "Chess.com"]
[Date "2020.08.11"]
[Round "6"]
[White "gmmoranda"]
[Black "Virgo15"]
[Result "1/2-1/2"]
[WhiteElo "2897"]
[BlackElo "2690"]
[TimeControl "180+1"]
[EndTime "11:09:24 PDT"]
[Termination "Game drawn by agreement"]

1. d4 Nf6 2. c4 e6 3. Nf3 d5 4.
Nc3 a6 5. cxd5 exd5 6. Bf4 Bd6 7. Bg3 O-O 8. e3 Bf5 9. Be2 Bxg3 10. hxg3 c6 11. Ne5 Nbd7 12. g4 Bg6 13. f4 Be4 14. g5 Ne8 15. Nxe4 dxe4 16. Bc4 g6 17. Qg4 Nxe5 18. fxe5 Qa5+ 19. Ke2 Qb4 20. Bb3 Ng7 21.
Qh4 h5 22. gxh6 Nf5 23. Qg5 Kh7 24. Raf1 Qb5+ 25. Kd1 Qd3+ 26. Kc1 Qxe3+ 27. Qxe3 Nxe3 28. Rxf7+ Rxf7 29. Bxf7 Nd5 30. g4 Ne7 31. g5 Rd8 32. Rf1 e3 33. Bc4 Nf5 34. d5 cxd5 35. Bd3 Rf8 36.
Kd1 d4 37. Rf4 Re8 38. Bxf5 gxf5 39. Rxf5 Kg6 40. Rf4 Kxg5 41. Rxd4 Kxh6 42. Rd6+ Kg5 43. e6 Kf6 44. Rb6 Re7 45. Ke2 Rxe6 46. Rxb7 Kf5 47. Rc7 Kf4 48. Rc4+ Re4 49. Rc6 Rd4 50.
Rf6+ Ke5 51. Rb6 Ke4 52. Re6+ Kd5 53. Rxe3 Rh4 54. Rb3 Kc5 55. Rb8 Rh2+ 56. Kd3 Rh3+ 57. Kc2 Rh2+ 58. Kb3 Rh4 59. Ka3 Kc6 60. b4 Rh2 61.
Kb3 Rg2 62. a3 Kc7 63. Re8 Kb6 64. Re6+ Kb7 65. Ka4 Rg3 66. Rd6 Rh3 67. Rd1 Rg3 68. Re1 Rh3 69. Re7+ Kb6 70. Re6+ Kb7 71. Re1 Rg3 72.
Rb1 Rh3 73. Rb3 Rh4 74. Rc3 Rg4 75. Ka5 Rg5+ 76. Rc5 Rg3 77. a4 Rg6 78. Rf5 Rg7 79. Rh5 Rf7 80. Rh6 Rf5+ 81. b5 axb5 82. Rh7+ Kc6 83.
Rh6+ Kb7 84. axb5 Rf7 85. Rg6 Rh7 1/2-1/2